Map: 2000 Atmospheres LE

Players

Maro - Winner!

  • Race: Terran Terran
  • League: Master

Ziomek

  • Race: Protoss Protoss
  • League: Master

VOD

Have the link to the VOD?

Description

Time

  • Played on: Oct. 23, 2021, 1:49 p.m.
  • Length: 8:29
Show
View Real Time Build Order
Export as new Build Order

Maro Terran - Winner!

Build Orders: 1/1/1 

Get SALT Encoding   

  12  0:00  SCV  
  13  0:12  SCV  
  14  0:16  Supply Depot  
  14  0:24  SCV  
  14  0:27  Refinery  
  15  0:38  SCV  
  16  0:44  Barracks  
  16  0:50  SCV  
  16  0:54  Refinery  
  17  1:02  SCV  
  18  1:14  SCV  
  19  1:30  Barracks Reactor  
  19  1:31  Orbital Command  
  19  1:35  Factory  
  19  1:44  Supply Depot  
  19  1:56  SCV  
  20  2:07  Reaper x2  
  22  2:09  SCV  
  23  2:21  SCV  
  24  2:24  Widow Mine, Starport  
  26  2:30  Supply Depot  
  26  2:33  SCV  
  27  2:43  Reaper x2  
  29  2:45  Widow Mine  
  31  3:00  Armory  
  31  3:14  Medivac  
  31  3:16  Marine  
  31  3:17  Marine  
  31  3:19  Widow Mine  
  37  3:26  Supply Depot  
  37  3:39  Command Center  
  37  3:43  Factory Tech Lab  
  37  3:44  Starport Tech Lab  
  37  3:47  Marine  
  37  3:48  Marine  
  39  3:53  SCV  
  40  4:05  Marine x2, Siege Tank  
  45  4:13  Banshee  
  48  4:18  SCV  
  49  4:29  Marine  
  49  4:30  Marine, SCV  
  50  4:40  Siege Tank  
  50  4:42  SCV  
  54  4:48  Marine  
  54  4:50  Marine  
  56  4:56  Orbital Command  
  54  5:02  Banshee  
  54  5:07  SCV  
  58  5:19  Siege Tank  
  58  5:20  Marine x2  
  61  5:38  Marine x2  
  63  5:45  Banshee  
  66  5:50  Supply Depot  
  66  5:56  Marine, Siege Tank  
  70  6:10  Marine  
  70  6:11  SCV  
  70  6:13  Bunker, Supply Depot  
  70  6:14  Marine  
  66  6:20  SCV  
  66  6:23  SCV  
  64  6:28  Marine  
  64  6:30  Siege Tank  
  64  6:31  Marine  
  65  6:37  Banshee  
  67  6:40  Bunker  
  67  6:46  Marine  
  67  6:49  Marine  
  67  6:53  SCV x2  
  68  7:02  Siege Tank  
  68  7:04  Marine  
  68  7:07  Marine  
  68  7:21  Marine  
  66  7:25  Marine  
  66  7:26  Bunker  
  67  7:34  Siege Tank  
  70  7:37  Barracks  
  70  7:39  Marine  
  70  7:42  Barracks  
  70  7:43  Marine  
  72  7:48  SCV x2  
  74  7:57  Marine  
  75  8:01  Marine  
  71  8:12  SCV x2  
  71  8:27  Bunker  
Show
View Real Time Build Order
Export as new Build Order

Ziomek Protoss 

Build Orders: 1 Gate Expand, Blink Stalkers 

Get SALT Encoding   

  12  0:00  Probe  
  13  0:12  Probe  
  14  0:17  Pylon  
  14  0:24  Probe (Chrono Boost)  
  15  0:36  Probe (Chrono Boost)  
  15  0:37  Gateway  
  16  0:45  Probe (Chrono Boost), Assimilator  
  17  0:50  Probe  
  18  1:03  Probe  
  19  1:15  Probe  
  20  1:24  Cybernetics Core  
  20  1:31  Nexus  
  20  1:35  Probe  
  21  1:44  Pylon  
  21  1:48  Probe  
  21  1:50  Assimilator  
  22  2:00  Probe, Adept (Chrono Boost)  
  23  2:04  Warp Gate  
  25  2:12  Probe  
  26  2:24  Probe  
  26  2:25  Stalker (Chrono Boost)  
  29  2:36  Probe  
  30  2:39  Shield Battery  
  30  2:43  Shield Battery  
  29  2:45  Probe  
  29  2:47  Stalker  
  32  2:53  Probe  
  32  2:58  Probe  
  34  3:01  Twilight Council  
  34  3:05  Probe  
  35  3:10  Probe  
  36  3:17  Probe  
  36  3:19  Robotics Facility  
  37  3:26  Probe  
  38  3:29  Gateway  
  38  3:31  Probe  
  38  3:33  Pylon  
  39  3:36  Blink (Chrono Boost)  
  39  3:40  Probe  
  40  3:48  Pylon  
  40  3:51  Stalker  
  42  4:02  Probe x2  
  44  4:06  Observer  
  45  4:14  Probe  
  39  4:25  Probe  
  39  4:28  Probe  
  42  4:31  Observer  
  42  4:37  Probe, Observer  
  43  4:41  Probe  
  42  4:47  Stalker  
  42  4:49  Probe  
  45  4:56  Nexus  
  45  4:57  Probe  
  45  4:58  Pylon  
  46  5:01  Probe  
  46  5:02  Stalker  
  49  5:09  Probe  
  49  5:13  Probe  
  49  5:20  Stalker  
  49  5:21  Probe  
  49  5:25  Probe  
  49  5:26  Observer  
  52  5:33  Stalker  
  52  5:34  Probe  
  55  5:36  Assimilator  
  55  5:38  Assimilator  
  55  5:56  Stalker  
  61  5:58  Shield Battery  
  61  6:03  Stalker  
  39  6:27  Stalker x2  
  31  6:43  Gateway  
  31  6:45  Gateway  
  30  6:59  Stalker x2  
  29  7:24  Stalker x2  
  30  7:47  Shield Battery  
  30  7:49  Gateway  
Tags
 
Add a new tag
Caveats
  • Supply blocks, unpowered buildings, or Contaminate may cause inaccurate times.
  • Supply counts are checked every 10 seconds.